 Dungeon Crawl Stone Soup version 0.31.0-12-g77e489cdc1 (webtiles) character file.

Game seed: 1690248583941454676

749 Goreval the Firebug (level 7, 0/36 HPs)
             Began as a Deep Elf Fire Elementalist on Mar 4, 2024.
             Slain by a gnoll
             ... wielding a +0 club
              (4 damage)
             ... on level 3 of the Dungeon.
             The game lasted 00:14:08 (3891 turns).

Goreval the Firebug (Deep Elf Fire Elementalist)    Turns: 3891, Time: 00:14:08

Health: 0/36       AC:  3    Str:  5    XL:     7   Next: 48%
Magic:  0/16       EV: 14    Int: 22    God:
Gold:   142        SH:  0    Dex: 15    Spells: 7/16 levels left

rFire   . . .        o - +1 dagger (venom)
rCold   . . .        (no shield)
rNeg    . . .        a - +0 robe
rPois   .            (no helmet)
rElec   .            (no cloak)
rCorr   .            e - +0 pair of gloves
SInv    .            (no boots)
Will    .....        (no amulet)
Stlth   ++           (no ring)
HPRegen 0.26/turn    (no ring)
MPRegen 0.15/turn

%: no passive effects
@: no status effects
A: no striking features
a: no special abilities


You were on level 3 of the Dungeon.
You visited 1 branch of the dungeon, and saw 5 of its levels.

You collected 142 gold pieces.

Inventory:

Hand Weapons
 o - a +1 dagger of venom (weapon)
Armour
 a - a +0 robe (worn)
 e - a +0 pair of gloves (worn)
Jewellery
 l - an amulet of faith
Talismans
 g - a blade talisman
Wands
 n - a wand of flame (20)
 q - a wand of polymorph (9)
Scrolls
 h - a scroll of enchant armour {unknown}
 k - a scroll of butterflies {unknown}
 m - a scroll of poison {unknown}
Potions
 b - a potion of magic
 c - 4 potions of curing {unknown}
 d - a potion of enlightenment {unknown}
 f - a potion of invisibility {unknown}
 i - a potion of attraction {unknown}
 j - a potion of heal wounds {unknown}
 p - 2 potions of might {unknown}


   Skills:
 + Level 4.6 Dodging
 - Level 2.4 Stealth
 + Level 5.2 Spellcasting
 * Level 5.2 Conjurations
 * Level 6.2 Fire Magic


You had 7 spell levels left.
You knew the following spells:

 Your Spells              Type           Power      Damage    Failure   Level
a - Foxfire               Conj/Fire      100%       2x1d9     1%          1
b - Scorch                Fire           66%        2d7       1%          2
c - Inner Flame           Hex/Fire       19%        N/A       9%          3
d - Volatile Blastmotes   Fire/Tloc      38%        2d13      9%          3

Your spell library contained the following spells:

 Spells                   Type           Power      Damage    Failure   Level
 Flame Wave               Conj/Fire      31%        2d9       9%          4


Dungeon Overview and Level Annotations

Branches:
Dungeon (5/15) Zot: 26107
 Temple: D:4-7

Altars:
Elyvilon
Trog
Wu Jian

Shops:
D:3 (


Message History

Press: ? - help, Q - select action, (/) - cycle Dir - look around, f - activate
There is not enough space to conjure foxfire!
You closely miss the hobgoblin. The gnoll barely misses you.
The hobgoblin misses you.
Unknown command.
Flames lash the hobgoblin.
You kill the hobgoblin!
The gnoll hits you with a +0 club.
You don't have enough magic to cast this spell.
The gnoll attacks as it pursues you! The gnoll barely misses you.
The gnoll hits you with a +0 club.
Things that are here:
a +0 dagger; a hobgoblin corpse The gnoll attacks as it pursues you!
The gnoll closely misses you.
You see here a +0 spear.
The gnoll barely misses you.
There is a stone staircase leading up here.
The gnoll completely misses you.
You climb upwards.
There is a stone staircase leading down here.
Press: ? - help, Q - select action, (/) - cycle Dir - look around, f - activate You conjure some foxfire!
The gnoll hits you with a +0 club.
You hit the gnoll but do no damage.
The gnoll is poisoned.
The foxfire hits the gnoll.
The foxfire hits the gnoll but does no damage.
The gnoll closely misses you.
Press: ? - help, Q - select action, (/) - cycle Dir - look around, f - activate You conjure some foxfire!
The gnoll completely misses you.
You barely miss the gnoll.
The gnoll is no longer moving quickly.
The foxfire hits the gnoll. x2; The gnoll hits you but does no damage.
The gnoll attacks as it pursues you! The gnoll hits you with a +0 club.
* * * LOW HITPOINT WARNING * * *
The gnoll attacks as it pursues you! The gnoll hits you with a +0 club.
* * * LOW HITPOINT WARNING * * *
Press: ? - help, Q - select action, (/) - cycle Dir - look around, f - activate You conjure some foxfire!
The gnoll hits you with a +0 club.
You die...

..................#............#
.............)....#............#
........#####.....#............#
...........##.....##...........#
...........##.....##...........#
...###...[.##[....##...........#
...#..............###..........#
..##............v.###..........#
.................@g...>..#######
.........####.....v#.....#
####.....#######.###.....#
.................###.....#########
#######.######.###...............#
.....<)..........................#
#####.##.........................#
....#.##.........................#
###.#.##.........................#


You could see a gnoll (poisoned, ally target).

Vanquished Creatures
  Edmund (D:4)
  Duvessa (D:4)
  A phantom (D:4)
  A scorpion (D:2)
  Dowan (D:4)
  2 bombardier beetles (D:3)
  A hound (D:3)
  Natasha (thrice) (D:3)
  9 gnolls (D:4)
  4 adders
  A dart slug (D:2)
  4 orcs (D:3)
  3 ball pythons
  11 endoplasms
  2 giant cockroaches (D:1)
  5 goblins
  7 hobgoblins
  4 jackals (D:2)
  4 quokkas
  5 bats
  2 frilled lizards (D:2)
  6 kobolds
  5 rats
83 creatures vanquished.

Vanquished Creatures (others)
  327 foxfires
327 creatures vanquished.

Grand Total: 410 creatures vanquished

Notes
Turn   | Place    | Note
-------+----------+-------------------------------------------
     0 | D:1      | Goreval the Deep Elf Fire Elementalist began the quest for
                  | the Orb.
     0 | D:1      | Reached XP level 1. HP: 10/10 MP: 6/6
   206 | D:1      | Reached XP level 2. HP: 15/15 MP: 5/8
   804 | D:1      | Found a faded altar of an unknown god.
  1011 | D:2      | Reached XP level 3. HP: 19/19 MP: 4/9
  1120 | D:2      | Found a bloodstained altar of Trog.
  1159 | D:2      | Noticed a scorpion
  1168 | D:2      | Killed a scorpion
  1169 | D:2      | Reached skill level 4 in Fire Magic
  1169 | D:2      | Reached XP level 4. HP: 24/24 MP: 2/11
  1345 | D:2      | Learned a level 2 spell: Scorch
  1349 | D:2      | Learned a level 3 spell: Inner Flame
  1356 | D:2      | Learned a level 3 spell: Volatile Blastmotes
  1924 | D:3      | Noticed Natasha
  1929 | D:3      | Killed Natasha
  1930 | D:3      | Reached XP level 5. HP: 28/28 MP: 8/12
  2126 | D:3      | Found a white marble altar of Elyvilon.
  2126 | D:3      | Found an ornate altar of the Wu Jian Council.
  2312 | D:3      | Found Coitioxi's Antique Weapon Shop.
  2461 | D:3      | Noticed Natasha
  2465 | D:3      | Killed Natasha
  2467 | D:3      | Reached skill level 5 in Fire Magic
  2531 | D:3      | Noticed Natasha
  2540 | D:3      | Killed Natasha
  2547 | D:3      | Reached XP level 6. HP: 19/32 MP: 5/14
  2943 | D:4      | Noticed Duvessa
  2979 | D:4      | Noticed Edmund
  3211 | D:4      | Noticed Dowan
  3214 | D:4      | Killed Duvessa
  3218 | D:4      | Killed Dowan
  3465 | D:4      | Reached XP level 7. HP: 29/36 MP: 2/16
  3505 | D:4      | Killed Edmund
  3506 | D:4      | Reached skill level 5 in Spellcasting
  3506 | D:4      | Reached skill level 5 in Conjurations
  3506 | D:4      | Reached skill level 6 in Fire Magic
  3612 | D:5      | Entered Level 5 of the Dungeon
  3891 | D:3      | Slain by a gnoll

Illustrated notes

Levels and vault maps discovered:
D:1:      evilmike_arrival_home_sweet_home, layout_basic,
          chequers_ecumenical_altar_grove
D:2:      layout_basic, basic_altar, minmay_distorted
D:3:      layout_basic, chequers_temple_overflow_statue_of_worship,
          serial_shops, nicolae_shop_tiny_real_fake_doors, uniq_natasha
D:4:      layout_basic, serial_park_tiny_2, pf_guarded_unrand_woodcutter,
          uniq_ijyb, uniq_edmund, uniq_blork_the_orc, uniq_duvessa, uniq_robin
D:5:      minmay_razor_zed, layout_layer_cave, minmay_temple_entry_waves,
          skrybe_limestone_x

Skill      XL: |  1  2  3  4  5  6  7 |
---------------+----------------------+-----
Conjurations   | 2 3 4 5 |  5.2
Dodging        | 3 4 |  4.6
Fire Magic     | 4 5 6 |  6.2
Spellcasting   | 4 5 |  5.2
Stealth        | |  2.4

Action                     |  1- 3 |  4- 6 |  7- 9 || total
---------------------------+-------+-------+-------++-------
  Melee: Unarmed           |       |    11 |       ||    11
         Dagger            |       |     2 |    10 ||    12
   Cast: Foxfire           |    70 |   114 |    22 ||   206
         Scorch            |       |    17 |     6 ||    23
 Armour: Robe              |     5 |    34 |    14 ||    53
  Dodge: Dodged            |    10 |    45 |    21 ||    76
